[Event "ICC tourney 2140 (3 2)"]
[Site "Internet Chess Club"]
[Date "2020.11.20"]
[Round "9"]
[White "chesslin"]
[Black "chesssky"]
[Result "0-1"]
[ICCResult "White resigns"]
[WhiteElo "1613"]
[BlackElo "1975"]
[Opening "Queen's pawn, Mason variation"]
[ECO "D00"]
[NIC "QP.08"]
[Time "21:57:58"]
[TimeControl "180+2"]

1. d4 d5 2. Bf4 Nf6 3. e3 c5 4. Nc3 a6 5. dxc5 Nc6 6. Nf3 Bg4 7. Ne5 Bxd1 8.
Nxc6 bxc6 9. Rxd1 Qa5 10. a3 Qxc5 11. Be2 e6 12. O-O Qb6 13. b4 Be7 14. h3
a5 15. Rb1 axb4 16. axb4 O-O 17. Rb3 Bxb4 18. Rfb1 c5 19. Nb5 Qd8 20. Bc7
Qd7 21. Be5 Ne4 22. Nc7 Nd2 23. Nxa8 Rxa8 24. Rxb4 cxb4 25. Rxb4 h6 26. f3
Rc8 27. Bd3 Nc4 28. Bg3 Nxe3 29. Ba6 Ra8 30. Bd3 Nc4 31. Bxc4 dxc4 32. Rxc4
Qd1+ 33. Kh2 Ra1 34. Be5 Qh1+ 35. Kg3 Rg1 36. Rc8+ Kh7 37. Rc7 Rxg2+ 38. Kf4
Qc1+ 39. Ke4 Re2+ 40. Kd4 Qe3+ 41. Kc4 Rxc2+ {White resigns} 0-1

[Event "ICC tourney 2140 (3 2)"]
[Site "Internet Chess Club"]
[Date "2020.11.20"]
[Round "9"]
[White "venkataralla"]
[Black "chessrex"]
[Result "0-1"]
[ICCResult "White checkmated"]
[WhiteElo "1323"]
[BlackElo "1888"]
[Opening "Queen's pawn: Charlick (Englund) gambit"]
[ECO "A40"]
[NIC "QO.17"]
[Time "21:57:59"]
[TimeControl "180+2"]

1. d4 e5 2. dxe5 Nc6 3. Bf4 Nge7 4. Nf3 Ng6 5. Nc3 Nxf4 6. e3 Ng6 7. Bd3
Ngxe5 8. Nxe5 Nxe5 9. Be2 Ng6 10. O-O c6 11. e4 d6 12. f4 Be7 13. f5 Ne5 14.
Bg4 f6 15. Bh5+ g6 16. fxg6 hxg6 17. Bf3 Qb6+ 18. Kh1 Qxb2 19. Qd2 Qb6 20.
Rab1 Qc7 21. Qf4 Be6 22. Be2 Kf7 23. Qg3 Kg7 24. Nd1 Rh6 25. Ne3 Rah8 26. h3
Bxh3 27. Kg1 Be6 28. Bg4 Nxg4 29. Nxg4 Bxg4 30. Qxg4 b5 31. Kf2 Qb6+ 32. Ke1
Qe3+ 33. Kd1 Rh1 34. Qe2 Qxe2+ 35. Kxe2 Rxf1 36. Rxf1 Rh4 37. Kd3 c5 38. Rb1
a6 39. a4 b4 40. c3 a5 41. cxb4 cxb4 42. Rc1 Kf7 43. g3 Rh3 44. Rg1 Ke6 45.
Kd4 f5 46. exf5+ gxf5 47. Re1+ Kd7 48. Re3 Bf6+ 49. Kd5 Be5 50. Kc4 Rxg3 51.
Rxg3 Bxg3 52. Kb5 b3 53. Kxa5 b2 54. Kb6 b1=Q+ 55. Ka7 Kc7 56. Ka8 Qb8#
{White checkmated}
0-1

[Event "ICC tourney 2140 (3 2)"]
[Site "Internet Chess Club"]
[Date "2020.11.20"]
[Round "9"]
[White "AramWU"]
[Black "breaker90"]
[Result "1-0"]
[ICCResult "Black forfeits on time"]
[WhiteElo "2254"]
[BlackElo "1747"]
[Opening "King's Indian: Kazakh variation"]
[ECO "E91"]
[NIC "KI.19"]
[Time "21:58:21"]
[TimeControl "180+2"]

1. d4 Nf6 2. Nf3 g6 3. c4 Bg7 4. Nc3 O-O 5. e4 d6 6. Be2 Na6 7. O-O e5 8.
Re1 c6 9. Be3 Ng4 10. Bg5 f6 11. Bh4 g5 12. Bg3 Nh6 13. c5 exd4 14. Qxd4
dxc5 15. Bc4+ Nf7 16. Qd6 Qxd6 17. Bxd6 Rd8 18. e5 b5 19. Bxf7+ Kxf7 20. Ne4
Bg4 21. exf6 Bxf3 22. Nxg5+ Kg6 23. fxg7 Rxd6 24. Nxf3 Rg8 25. Nh4+ Kg5 26.
Re5+ Kf6 27. Rae1 Rd5 28. Re7 Nb4 29. f4 {Black forfeits on time} 1-0

[Event "ICC tourney 2140 (3 2)"]
[Site "Internet Chess Club"]
[Date "2020.11.20"]
[Round "9"]
[White "FivePlyGuy"]
[Black "SupaHotFiya"]
[Result "0-1"]
[ICCResult "White resigns"]
[WhiteElo "1637"]
[BlackElo "1764"]
[Opening "Réti opening"]
[ECO "A04"]
[NIC "QP.11"]
[Time "21:58:09"]
[TimeControl "180+2"]

1. Nf3 d6 2. c4 e5 3. d3 f5 4. g3 Nf6 5. Bg2 g6 6. O-O Bg7 7. Nbd2 O-O 8. a3
a5 9. Rb1 f4 10. b4 axb4 11. axb4 Nh5 12. Ne4 h6 13. d4 Bf5 14. Ne1 Nc6 15.
dxe5 Nxe5 16. Qb3 Be6 17. Nd2 b5 18. Bb2 bxc4 19. Qc2 Bf5 20. Be4 Bxe4 21.
Qxe4 d5 22. Qc2 Qg5 23. Ndf3 Nxf3+ 24. exf3 fxg3 25. fxg3 Ra2 26. f4 Qg4 27.
Qg2 c6 28. Rf2 c3 29. Bc1 Bd4 30. Nd3 Qd1+ 31. Qf1 Bxf2+ 32. Nxf2 Qxf1+ 33.
Kxf1 c2 34. Rb3 Nf6 35. Nd3 Ne4 36. b5 c5 37. b6 c4 38. Rb5 cxd3 39. Rxd5
Ra1 40. Rxd3 Rxc1+ 41. Ke2 Re1+ 42. Kxe1 c1=Q+ 43. Ke2 Qc2+ 44. Kf3 Qxd3+
{White resigns}
0-1

[Event "ICC tourney 2140 (3 2)"]
[Site "Internet Chess Club"]
[Date "2020.11.20"]
[Round "9"]
[White "Gukesh"]
[Black "manest"]
[Result "0-1"]
[ICCResult "White forfeits on time"]
[WhiteElo "2065"]
[BlackElo "2701"]
[Opening "Queen's pawn"]
[ECO "A40"]
[NIC "QO.17"]
[Time "21:58:05"]
[TimeControl "180+2"]

1. d4 e6 2. Nf3 b6 3. e4 Bb7 4. Bd3 Nf6 5. Qe2 d5 6. e5 Nfd7 7. O-O Be7 8.
Re1 c5 9. c3 Nc6 10. Nbd2 g5 11. Nf1 g4 12. N3d2 h5 13. Bb5 cxd4 14. Bxc6
Bxc6 15. cxd4 Rc8 16. Nb3 Qc7 17. Bd2 Qb7 18. Rac1 Nf8 19. Rc2 Ng6 20. Rec1
Kd7 21. Ne3 Nf4 22. Qf1 Bg5 23. f3 a6 24. fxg4 Bb5 25. Qf3 Ne2+ 26. Kh1 Nxc1
27. Qxf7+ Be7 28. Rxc1 Rxc1+ 29. Nxc1 Qc8 30. Nb3 hxg4 31. Nxg4 Qc2 32. Nf6+
Kd8 33. h3 Qf5 34. Kh2 Bf1 35. Qg7 Rxh3+ 36. gxh3 Qf2+ 37. Kh1 Be2 38. Qg8+
Kc7 39. Ne8+ Kb7 {White forfeits on time} 0-1

[Event "ICC tourney 2140 (3 2)"]
[Site "Internet Chess Club"]
[Date "2020.11.20"]
[Round "9"]
[White "Monkeybomb3605"]
[Black "searchforbobby1"]
[Result "1-0"]
[ICCResult "Black checkmated"]
[WhiteElo "1570"]
[BlackElo "1818"]
[Opening "Sicilian: Pelikan, Bird variation"]
[ECO "B33"]
[NIC "SI.36"]
[Time "21:57:59"]
[TimeControl "180+2"]

1. e4 c5 2. Nf3 Nc6 3. d4 cxd4 4. Nxd4 Nf6 5. Nc3 e5 6. Ndb5 d6 7. Bg5 a6 8.
Na3 Be6 9. Nd5 Bxd5 10. exd5 Qa5+ 11. c3 Qxd5 12. Bxf6 Qxd1+ 13. Rxd1 gxf6
14. Nc4 O-O-O 15. Nb6+ Kb8 16. Nd5 Bg7 17. Bd3 h6 18. Bf5 Rhe8 19. Ne3 Ne7
20. Be4 h5 21. c4 Bh6 22. Nd5 Nxd5 23. Bxd5 Rd7 24. Ke2 f5 25. b4 Rc8 26. a4
Ka7 27. a5 Bg7 28. Rd2 e4 29. Rc2 Be5 30. h4 Rg8 31. g3 Rc7 32. Rd1 Rgc8 33.
Ke3 Rb8 34. Ra2 b6 35. axb6+ Rxb6 36. b5 Bc3 37. Rc1 Be5 38. Rb1 Bc3 39. Rb3
Be1 40. Rba3 a5 41. Ke2 Bb4 42. Ra4 Rb8 43. Rxb4 Kb6 44. Rba4 Kc5 45. Rxa5
Kd4 46. Ra6 Ke5 47. Rc6 Rd7 48. Raa6 Kd4 49. b6 f4 50. Rc7 Rdd8 51. b7 Re8
52. Ra8 f3+ 53. Kd1 e3 54. fxe3+ Kxe3 55. Rxb8 Rxb8 56. Rc8 f2 57. Bg2 Rxb7
58. Re8+ Kd4 59. Re4+ Kc5 60. Rf4 Rb2 61. Rxf7 Kxc4 62. Rf4+ Kc5 63. Rf3 d5
64. Rf5 Kc4 65. Bxd5+ Kd3 66. Rf3+ Kd4 67. Bc6 Rb1+ 68. Ke2 Rb2+ 69. Kf1 Rc2
70. Ba8 Ra2 71. Bb7 Rb2 72. Bc8 Ke4 73. Rxf2 Rb3 74. Kg2 Ke5 75. Rf5+ Kd6
76. Rxh5 Ke7 77. Kh3 Rc3 78. Bg4 Kf6 79. Rg5 Kf7 80. h5 Rc1 81. Bf3 Rc3 82.
Rf5+ Kg7 83. g4 Kh6 84. Kh4 Rc1 85. g5+ Kg7 86. Kg4 Rc4+ 87. Rf4 Rc1 88. h6+
Kg8 89. g6 Rc8 90. Bd5+ Kh8 91. Kg5 Rd8 92. Be4 Rd5+ 93. Rf5 Rd8 94. Re5 Rb8
95. Kf6 Rf8+ 96. Ke7 Rb8 97. Rd5 Rb7+ 98. Rd7 Rb8 99. Rd8+ Rxd8 100. Kxd8
Kg8 101. Ke7 Kh8 102. Kf6 Kg8 103. h7+ Kh8 104. g7# {Black checkmated} 1-0

[Event "ICC tourney 2140 (3 2)"]
[Site "Internet Chess Club"]
[Date "2020.11.20"]
[Round "10"]
[White "GGuseinov"]
[Black "BreatheChessAls"]
[Result "1-0"]
[ICCResult "Black resigns"]
[WhiteElo "2767"]
[BlackElo "1676"]
[Opening "Sicilian: closed, 2...Nc6"]
[ECO "B23"]
[NIC "SI.44"]
[Time "22:13:01"]
[TimeControl "180+2"]

1. e4 c5 2. Nc3 Nc6 3. Bb5 g6 4. Bxc6 bxc6 5. f4 Bg7 6. Nf3 d6 7. O-O e6 8.
d3 Ne7 9. Qe1 O-O 10. Kh1 f5 11. e5 d5 12. Na4 c4 13. Be3 cxd3 14. cxd3 Ba6
15. Nc5 Bc8 16. Nd4 Re8 17. Ndxe6 Bxe6 18. Nxe6 Qc8 19. Nc5 Rb8 20. b4 Qd8
21. a3 d4 22. Bg1 Qd5 23. Rc1 a5 24. Rc4 axb4 25. axb4 Red8 26. Rxd4 Qxd4
27. Bxd4 Rxd4 28. Qc3 Rbxb4 29. Ne6 Nd5 30. Qxc6 Ne7 31. Qe8+ {Black
resigns} 1-0

[Event "ICC tourney 2140 (3 2)"]
[Site "Internet Chess Club"]
[Date "2020.11.20"]
[Round "10"]
[White "Monkeybomb3605"]
[Black "FivePlyGuy"]
[Result "1/2-1/2"]
[ICCResult "Game drawn by mutual agreement"]
[WhiteElo "1575"]
[BlackElo "1635"]
[Opening "French: Fort Knox variation"]
[ECO "C10"]
[NIC "FR.07"]
[Time "22:13:30"]
[TimeControl "180+2"]

1. e4 e6 2. d4 d5 3. Nc3 dxe4 4. Nxe4 Bd7 5. Nf3 Bc6 6. Neg5 Nh6 7. Bd3 g6
8. O-O Bg7 9. c3 O-O 10. Re1 Nd7 11. b4 a6 12. a4 b5 13. axb5 axb5 14. Bf4
Nf5 15. Rxa8 Qxa8 16. Bxc7 h6 17. Ne4 Nf6 18. Nxf6+ Bxf6 19. Be2 Rc8 20. Bf4
g5 21. Bg3 Qa3 22. Qd2 Bxf3 23. Bxf3 Qxc3 24. Qxc3 Rxc3 25. d5 exd5 26. Bxd5
Nxg3 27. hxg3 Rd3 28. Re8+ Kg7 29. Bc6 Rb3 30. Re4
{Game drawn by mutual agreement}
1/2-1/2

[Event "ICC tourney 2140 (3 2)"]
[Site "Internet Chess Club"]
[Date "2020.11.20"]
[Round "10"]
[White "breaker90"]
[Black "manest"]
[Result "0-1"]
[ICCResult "White resigns"]
[WhiteElo "1793"]
[BlackElo "2701"]
[Opening "Pirc defense"]
[ECO "B07"]
[NIC "PU.08"]
[Time "22:12:55"]
[TimeControl "180+2"]

1. e4 d6 2. d4 Nf6 3. Nc3 e5 4. dxe5 dxe5 5. Qxd8+ Kxd8 6. Nf3 Bd6 7. Bg5
Be6 8. O-O-O Nd7 9. Bb5 Kc8 10. Bxd7+ Nxd7 11. Be3 f6 12. Nd5 Rd8 13. h3 c6
14. Nc3 Kc7 15. g4 Bb4 16. Ne2 Bxa2 17. g5 Be6 18. gxf6 gxf6 19. Rhg1 Rg8
20. c3 Be7 21. Ng3 Bxh3 22. Nh4 Be6 23. Nhf5 Bf8 24. Rh1 Rh8 25. Bh6 Nc5 26.
Bxf8 Raxf8 27. f3 Bb3 28. Rd6 Rf7 29. Rh6 Rhf8 30. Rd2 Rd8 31. Rxd8 Kxd8 32.
Nh5 Rd7 33. Ne3 Rd3 34. Nc2 Rxf3 35. Nxf6 Rf1+ 36. Kd2 Rf2+ 37. Ke3 Rxc2 38.
Rxh7 Rxb2 39. Ng4 Nd7 {White resigns} 0-1

[Event "ICC tourney 2140 (3 2)"]
[Site "Internet Chess Club"]
[Date "2020.11.20"]
[Round "10"]
[White "venkataralla"]
[Black "chesssky"]
[Result "0-1"]
[ICCResult "White checkmated"]
[WhiteElo "1323"]
[BlackElo "1954"]
[Opening "QGD semi-Slav: Meran, Wade variation"]
[ECO "D47"]
[NIC "SL.09"]
[Time "22:13:40"]
[TimeControl "180+2"]

1. d4 d5 2. c4 c6 3. Nc3 Nf6 4. e3 e6 5. Nf3 Nbd7 6. Bd3 dxc4 7. Bxc4 b5 8.
Bd3 Bb7 9. O-O Be7 10. e4 b4 11. Ne2 c5 12. e5 Nd5 13. Qc2 Rc8 14. Qb1 c4
15. Bxh7 N7b6 16. Be4 Qd7 17. Bd2 c3 18. bxc3 bxc3 19. Be3 Nc4 20. Bxd5 Bxd5
21. Ne1 c2 22. Nxc2 Be4 23. Nc3 Nxe3 24. fxe3 Rxc3 25. Qb8+ Rc8 26. Qb3 Rxc2
27. Rf2 Rxf2 28. Kxf2 Rxh2 29. Rc1 Rxg2+ 30. Ke1 Bh4+ 31. Kf1 Rf2+ 32. Kg1
Qd8 33. Qa4+ Kf8 34. Qxa7 Qg5# {White checkmated} 0-1

[Event "ICC tourney 2140 (3 2)"]
[Site "Internet Chess Club"]
[Date "2020.11.20"]
[Round "10"]
[White "jefferyx"]
[Black "chessrex"]
[Result "1-0"]
[ICCResult "Black resigns"]
[WhiteElo "2773"]
[BlackElo "1888"]
[Opening "Queen's pawn: Charlick (Englund) gambit"]
[ECO "A40"]
[NIC "QO.17"]
[Time "22:13:03"]
[TimeControl "180+2"]

1. d4 e5 2. dxe5 Nc6 3. Bf4 Nge7 4. Nf3 Ng6 5. Bg3 Qe7 6. Nc3 Qb4 7. Rb1 Qa5
8. a3 Bxa3 9. Ra1 Bxb2 10. Rxa5 Bxc3+ 11. Nd2 Nxa5 12. e3 Nxe5 13. Ke2 b6
14. f3 Ba6+ 15. Kf2 Bxf1 16. Rxf1 O-O 17. Nb1 Bb2 18. c3 Nec4 19. Bxc7 Rac8
20. Qxd7 Nb7 21. Bxb6 axb6 22. Qxb7 Rb8 23. Qd5 b5 24. Rd1 h6 25. Qc5 Rfc8
26. Qb4 Re8 27. e4 Rec8 28. Rd5 Ra8 29. Rxb5 Ra1 30. Rc5 Rxc5 31. Qxc5 Rxb1
32. Qc8+ Kh7 33. Qxc4 Rc1 34. Qxf7 Rc2+ 35. Kg3 Rxc3 36. Qf5+ Kh8 37. Qb5
Rc2 38. e5 Bd4 39. Qb8+ Kh7 40. Qb1 Bxe5+ 41. f4 {Black resigns} 1-0

[Event "ICC tourney 2140 (3 2)"]
[Site "Internet Chess Club"]
[Date "2020.11.20"]
[Round "10"]
[White "TjkTiger"]
[Black "AramWU"]
[Result "1-0"]
[ICCResult "Black resigns"]
[WhiteElo "2339"]
[BlackElo "2227"]
[Opening "English: four knights, Nimzovich variation"]
[ECO "A28"]
[NIC "EO.09"]
[Time "22:12:57"]
[TimeControl "180+2"]

1. c4 Nf6 2. Nc3 e5 3. Nf3 Nc6 4. e4 Bd6 5. Be2 O-O 6. O-O Re8 7. a3 a5 8.
h3 Bc5 9. d3 h6 10. Be3 d6 11. Qd2 Nd7 12. Rab1 Nf8 13. d4 exd4 14. Nxd4
Nxd4 15. Bxd4 Bxd4 16. Qxd4 Ne6 17. Qd2 Nc5 18. Bf3 a4 19. Rbd1 Bd7 20. Rfe1
Bc6 21. Nd5 Bxd5 22. Qxd5 Re5 23. Qd4 Qf6 24. Re3 Rae8 25. Rde1 h5 26. Bd1
h4 27. Bc2 Qg5 28. Qd1 Ra8 29. Rf3 Qe7 30. Rfe3 Qf6 31. Rf3 Qh6 32. Kh1 b6
33. Rfe3 Qf6 34. Rf1 Re7 35. Qc1 Qf4 36. Qd1 g6 37. Rf3 Qe5 38. Qc1 Nxe4 39.
Bxe4 Qxe4 40. Re3 Rae8 41. Rxe4 Rxe4 42. Qc2 Re2 43. Qxa4 R8e7 44. b4 Rd2
45. Qa8+ Kg7 46. Qd8 Rde2 47. a4 R2e6 48. a5 bxa5 49. bxa5 c6 50. a6 Ra7 51.
Ra1 d5 52. Qb6 Ra8 53. a7 c5 54. Qxc5 dxc4 55. Qd4+ Kh7 56. Qxh4+ Kg7 57.
Qxc4 Re7 58. Qd5 Raxa7 59. Rxa7 Rd7 60. Rxd7 {Black resigns} 1-0

[Event "ICC tourney 2140 (3 2)"]
[Site "Internet Chess Club"]
[Date "2020.11.20"]
[Round "11"]
[White "breaker90"]
[Black "TjkTiger"]
[Result "0-1"]
[ICCResult "White resigns"]
[WhiteElo "1804"]
[BlackElo "2340"]
[Opening "Sicilian: Hungarian variation"]
[ECO "B27"]
[NIC "SI.43"]
[Time "22:23:50"]
[TimeControl "180+2"]

1. e4 c5 2. Nf3 g6 3. d4 cxd4 4. Nxd4 Bg7 5. c4 Qb6 6. Nb3 Qc7 7. Nc3 Bxc3+
8. bxc3 Nf6 9. Bd3 d6 10. O-O O-O 11. a4 Be6 12. Qe2 Nc6 13. Nd4 Ne5 14.
Nxe6 fxe6 15. f4 Nxd3 16. Qxd3 Rac8 17. Be3 Qxc4 18. Qxc4 Rxc4 19. Bxa7 Nxe4
20. Bd4 Nxc3 21. Bxc3 Rxc3 22. Rfb1 Rc7 23. Rb4 Ra8 24. a5 Kf7 25. Kf2 Rc5
26. Rxb7 Raxa5 27. Rxa5 Rxa5 28. h3 e5 29. fxe5 Rxe5 30. Rb4 d5 31. Rf4+ Rf5
32. Ke3 Rxf4 33. Kxf4 Kf6 {White resigns} 0-1

[Event "ICC tourney 2140 (3 2)"]
[Site "Internet Chess Club"]
[Date "2020.11.20"]
[Round "11"]
[White "Gukesh"]
[Black "Monkeybomb3605"]
[Result "1-0"]
[ICCResult "Black resigns"]
[WhiteElo "2060"]
[BlackElo "1579"]
[Opening "King's Indian: London system"]
[ECO "A48"]
[NIC "QP.03"]
[Time "22:23:43"]
[TimeControl "180+2"]

1. d4 Nf6 2. Nf3 g6 3. Bf4 Bg7 4. Nc3 d5 5. Qd2 Ne4 6. Nxe4 dxe4 7. Ne5 f6
8. Nc4 b5 9. Na3 a6 10. e3 O-O 11. O-O-O e5 12. dxe5 Qxd2+ 13. Rxd2 fxe5 14.
Bg3 Be6 15. Be2 c5 16. Rhd1 Bf7 17. Nb1 Nc6 18. Nc3 Nb4 19. Kb1 c4 20. Nxe4
a5 21. c3 Nc6 22. Rd6 Rfc8 23. Bg4 Rc7 24. Rd7 Rxd7 25. Rxd7 b4 26. Ng5 Be8
27. Be6+ Kh8 28. Rc7 bxc3 29. bxc3 Rb8+ 30. Kc2 Nd8 31. Bxc4 Ba4+ 32. Kc1
{Black resigns}
1-0

[Event "ICC tourney 2140 (3 2)"]
[Site "Internet Chess Club"]
[Date "2020.11.20"]
[Round "11"]
[White "chessrex"]
[Black "GGuseinov"]
[Result "0-1"]
[ICCResult "White checkmated"]
[WhiteElo "1888"]
[BlackElo "2767"]
[Opening "Paleface attack"]
[ECO "A45"]
[NIC "QP.07"]
[Time "22:23:48"]
[TimeControl "180+2"]

1. d4 Nf6 2. f3 g6 3. e4 d6 4. Be3 Bg7 5. Qd2 c6 6. Nc3 Nbd7 7. Bh6 Bxh6 8.
Qxh6 b5 9. a3 Qa5 10. Qd2 Rb8 11. Nb1 Qb6 12. Nh3 e5 13. c3 Nf8 14. Nf2 exd4
15. Qxd4 Qxd4 16. cxd4 Ne6 17. Nc3 Nxd4 18. O-O-O c5 19. Nd3 O-O 20. e5 dxe5
21. Nxe5 Nb3+ 22. Kc2 c4 23. g4 Re8 24. Nc6 Rb7 25. Nd5 Nxd5 26. Rxd5 Rc7
27. Nd4 a6 28. Bh3 Bb7 29. Rd6 Nxd4+ 30. Rxd4 Re2+ 31. Kc3 Re3+ 32. Kb4 Rxf3
33. Rd8+ Kg7 34. Bf1 Rb3+ 35. Ka5 Bxh1 36. Kb6 Rc6+ 37. Ka5 Rxb2 38. g5 c3
39. Rd1 c2 40. Rc1 Rb1 41. Rxc2 Rxc2 42. Bh3 Rxh2 43. Bd7 Rh5 44. Kxa6 Rxg5
45. a4 b4 46. Bb5 b3 47. Bd3 Ra1 48. Kb6 b2 49. Kc7 b1=Q 50. Bxb1 Rxb1 51.
a5 Rxa5 52. Kd6 Rb6+ 53. Kc7 Rc6+ 54. Kd7 Ra7+ 55. Kd8 Re6 56. Kc8 Re8#
{White checkmated}
0-1

[Event "ICC tourney 2140 (3 2)"]
[Site "Internet Chess Club"]
[Date "2020.11.20"]
[Round "11"]
[White "manest"]
[Black "BreatheChessAls"]
[Result "1-0"]
[ICCResult "Black resigns"]
[WhiteElo "2701"]
[BlackElo "1676"]
[Opening "Nimzovich-Larsen attack: classical variation"]
[ECO "A01"]
[NIC "VO.08"]
[Time "22:23:41"]
[TimeControl "180+2"]

1. b3 d5 2. Bb2 Nc6 3. Nf3 Nf6 4. e3 Bf5 5. Bb5 e6 6. Nd4 Qd7 7. Bxc6 bxc6
8. Nxf5 exf5 9. Bxf6 gxf6 10. Qf3 Bd6 11. Nc3 Qe6 12. Ne2 Kd7 13. Nd4 Qe4
14. Qxf5+ Qxf5 15. Nxf5 Be5 16. d4 Bd6 17. Ke2 Rhg8 18. g3 Rg6 19. Kd3 Rg5
20. Nh4 Re8 21. Rhd1 f5 22. Nf3 Rg4 23. h3 Rgg8 24. c4 Re4 25. Rac1 Rb8 26.
c5 Be7 27. Ne5+ Ke8 28. Nxc6 Rb7 29. Ne5 f6 30. Nf3 c6 31. Nh4 Rb5 32. Nxf5
Ra5 33. Rc2 Bf8 34. a4 Kf7 35. f3 Re8 36. Ra2 Rb8 37. Rb1 Ke6 38. g4 h5 39.
b4 hxg4 40. hxg4 Ra6 41. Kc3 Rb7 42. Rh1 Rf7 43. Rh8 Kd7 44. Kb3 Ke6 45.
Rah2 Bg7 46. Rd8 Bf8 47. Rh8 Be7 48. Rhe8 {Black resigns} 1-0

[Event "ICC tourney 2140 (3 2)"]
[Site "Internet Chess Club"]
[Date "2020.11.20"]
[Round "11"]
[White "AramWU"]
[Black "searchforbobby1"]
[Result "1-0"]
[ICCResult "Black resigns"]
[WhiteElo "2226"]
[BlackElo "1816"]
[Opening "Nimzovich-Larsen attack: Dutch variation"]
[ECO "A01"]
[NIC "VO.08"]
[Time "22:25:55"]
[TimeControl "180+2"]

1. b3 f5 2. Bb2 Nf6 3. Bxf6 exf6 4. c4 c6 5. e3 d5 6. cxd5 cxd5 7. Nf3 Nc6
8. Bb5 Bd7 9. O-O a6 10. Bxc6 bxc6 11. Nc3 Bd6 12. Rc1 O-O 13. Ne2 Qb6 14.
d4 a5 15. Nc3 f4 16. e4 Be6 17. Re1 Bf7 18. e5 fxe5 19. Nxe5 Bxe5 20. Rxe5
Rae8 21. Na4 Qc7 22. Qe1 Rxe5 23. Qxe5 Qxe5 24. dxe5 Be8 25. Nc5 Kf7 26. f3
Ke7 27. Kf2 Rf5 28. Re1 g5 29. Re2 h5 30. h3 Kd8 31. Ke1 Kc7 32. Kd2 Kb6 33.
Ne6 c5 34. Ng7 Rf8 35. e6 Kc6 36. Re5 g4 37. hxg4 hxg4 38. fxg4 Rg8 39. Nxe8
Rxe8 40. g5 Kd6 41. Rf5 Rxe6 42. Rxf4 Ke5 43. Ra4 Rg6 44. Ke3 Rxg5 45. g4
d4+ 46. Kf3 Rg8 47. Rxa5 Rf8+ 48. Ke2 Kf4 49. Rxc5 Kxg4 50. Kd3 Ra8 51. Rc2
Rd8 52. Re2 Kf4 53. Re4+ Kf5 54. Rxd4 Ra8 55. a4 Ke5 56. Rc4 Kd6 57. Kc3 Ra7
58. Kb2 Kd5 59. Ka3 Ra8 60. Rc2 Ra7 61. b4 Ra8 62. Kb3 Rh8 63. a5
{Black resigns}
1-0

[Event "ICC tourney 2140 (3 2)"]
[Site "Internet Chess Club"]
[Date "2020.11.20"]
[Round "11"]
[White "chesssky"]
[Black "jefferyx"]
[Result "0-1"]
[ICCResult "White checkmated"]
[WhiteElo "1986"]
[BlackElo "2773"]
[Opening "Réti: advance variation"]
[ECO "A09"]
[NIC "RE.16"]
[Time "22:23:44"]
[TimeControl "180+2"]

1. Nf3 d5 2. c4 d4 3. e3 Nc6 4. exd4 Nxd4 5. Nxd4 Qxd4 6. Nc3 c6 7. d3 Nh6
8. Be3 Qd8 9. Be2 Nf5 10. Qd2 g6 11. O-O Bg7 12. Rad1 e5 13. Rfe1 O-O 14.
Bf3 Re8 15. Ne4 Nxe3 16. Qxe3 f5 17. Nc5 Qe7 18. d4 e4 19. Be2 b6 20. Nb3
Be6 21. f3 Bf7 22. fxe4 Qxe4 23. Qxe4 Rxe4 24. Bf1 Rxe1 25. Rxe1 Kf8 26. Kf2
Rd8 27. Rd1 c5 28. Ke3 cxd4+ 29. Nxd4 Rd7 30. Be2 f4+ 31. Ke4 g5 32. Nf5
Rxd1 33. Bxd1 Bxb2 34. Nd6 Be6 35. Bb3 Ke7 36. Nf5+ Kf6 37. Nd4 Bc8 38. Kd3
Bb7 39. Nf3 g4 40. Ne1 h5 41. Ke2 Bc3 42. Nd3 Kg5 43. Kf2 Bd4+ 44. Kf1 Be4
45. Nf2 Bxf2 46. Kxf2 h4 47. Bd1 g3+ 48. Kg1 Kf6 49. hxg3 hxg3 50. Bg4 Ke5
51. a3 Kd4 52. Be6 Bd3 53. a4 Bxc4 54. Bg4 Kc5 55. Kh1 Kb4 56. Bd1 Bb3 57.
Bf3 Bxa4 58. Bb7 Bb5 59. Bf3 a5 60. Be4 a4 61. Bc2 a3 62. Bb1 Bc4 63. Kg1
Kc3 64. Kh1 Kb2 65. Be4 a2 66. Bd3 a1=Q+ 67. Bf1 Qxf1# {White checkmated}
0-1

[Event "ICC tourney 2140 (3 2)"]
[Site "Internet Chess Club"]
[Date "2020.11.20"]
[Round "11"]
[White "venkataralla"]
[Black "FivePlyGuy"]
[Result "0-1"]
[ICCResult "White forfeits on time"]
[WhiteElo "1318"]
[BlackElo "1640"]
[Opening "Benkö gambit"]
[ECO "A57"]
[NIC "BI.46"]
[Time "22:24:27"]
[TimeControl "180+2"]

1. d4 Nf6 2. c4 c5 3. d5 b5 4. e3 b4 5. Nf3 d6 6. Bd3 g6 7. O-O Bg7 8. e4
Nbd7 9. Qc2 Ng4 10. h3 Nge5 11. Nxe5 Nxe5 12. f4 Nxd3 13. Qxd3 O-O 14. f5 e6
15. fxg6 fxg6 16. Rxf8+ Qxf8 17. Nd2 e5 18. Nf3 Bd7 19. Bg5 h6 20. Be3 a5
21. Rf1 Qe7 22. Qd2 Kh7 23. Qf2 Rf8 24. Qg3 a4 25. Re1 Bf6 26. h4 Be8 27.
Rf1 Rg8 28. Nh2 Bd7 29. Ng4 Bxg4 30. Qxg4 Bxh4 31. Qh3 g5 32. Qf5+ Kg7 33.
Qg4 Qe8 34. g3 h5 35. Qh3 Kh7 36. gxh4 gxh4+ 37. Kh1 Rg3 38. Qf5+ Kh8 39.
Qf6+ Kh7 40. Qh6+ Kg8 41. Rg1 Rxg1+ 42. Kxg1 Qf7 43. Qg5+ Kf8 44. Qd8+ Kg7
45. Qg5+ Kh7 46. Qxh4 Qf3 47. Qg5 Qd1+ 48. Kh2 Qe2+ 49. Kh3 Qf3+ 50. Qg3
Qf1+ 51. Qg2 Qd3 52. Qf3 Kg6 {White forfeits on time} 0-1